[Event "Titled Tuesday Blitz November 14 Early 2023"]
[White "Statham_l3"]
[Black "Marcziter, Dmitrii"]
[BlackFideId "13900765"]
[WhiteElo "2551"]
[BlackElo "2408"]
[Result "1-0"]
[Round "6"]
[TimeControl "180+1"]
[Date "2023.11.14"]
[WhiteClock "0:00:05"]
[BlackClock "0:00:30"]
[Board "126"]

1. e4 e5 2. Nf3 Nc6 3. c3 Nf6 4. d4 d5 5. Bb5 Nxe4 6. Nxe5 Bd7 7. Bxc6 bxc6 8. O-O Be7 9. f3 Nd6 10. Nd2 O-O 11. f4 f6 12. Nxd7 Qxd7 13. Qf3 Nf5 14. g4 Nd6 15. f5 Rfe8 16. Nb3 Ne4 17. Bf4 Bd6 18. Rae1 a5 19. Nd2 Nxd2 20. Bxd2 a4 21. h4 a3 22. b4 Rxe1 23. Rxe1 Re8 24. Rxe8+ Qxe8 25. Kf2 Qe7 26. Qe3 Kf7 27. Qxe7+ Kxe7 28. Bc1 g6 29. Bxa3 gxf5 30. gxf5 Bf4 31. b5+ Kd7 32. bxc6+ Kxc6 33. Be7 Bd2 34. Bxf6 Bxc3 35. Be5 Kd7 36. a4 c5 37. Ke3 Kc6 38. h5 Kd7 39. Kd3 Bb4 40. dxc5 Bxc5 41. Bd4 Bb4 42. Bb6 Kc6 43. a5 Kb5 44. Kd4 Ba3 45. Kxd5 Bb2 46. Ke6 Kc6 47. f6 Bxf6 48. Kxf6 Kb5 49. Kg7 Ka6 50. Kxh7 Kb7 51. Kg7 Kc6 52. h6 Kb5 53. h7 Ka6 54. h8=Q Kb7 55. Qe8 Ka6 56. Qa8+ Kb5 57. Qc8 Ka4 58. Qc4+ Ka3 59. a6 Kb2 60. Bd4+ Kb1 61. Qb3+ Kc1 62. Be3# 1-0


[Site "https://www.chess.com"]

[Event "Titled Tuesday Blitz November 14 Early 2023"]
[White "Arngrimsson, Dagur"]
[Black "Nastase, Robert-Paul"]
[WhiteFideId "2301288"]
[BlackFideId "1221175"]
[WhiteElo "2530"]
[BlackElo "2404"]
[Result "0-1"]
[Round "6"]
[TimeControl "180+1"]
[Date "2023.11.14"]
[WhiteClock "0:00:29"]
[BlackClock "0:00:02"]
[Board "127"]

1. e4 a6 2. d4 c6 3. Bd3 d5 4. Nc3 dxe4 5. Bxe4 Nf6 6. Bf3 Bf5 7. d5 cxd5 8. Nxd5 Nc6 9. Be3 Nxd5 10. Bxd5 e6 11. Bb3 Be7 12. Nf3 O-O 13. Qxd8 Rfxd8 14. O-O Na5 15. Bb6 Nxb3 16. axb3 Rd7 17. c3 Bf6 18. b4 Be4 19. Rfd1 Rxd1+ 20. Rxd1 Kf8 21. Rd7 Rc8 22. Nd2 Bd5 23. Rc7 Rxc7 24. Bxc7 Ke7 25. Bf4 b5 26. f3 e5 27. Be3 Ke6 28. Kf2 Bh4+ 29. Ke2 f5 30. g3 Bf6 31. Nf1 Bc4+ 32. Kf2 Bxf1 33. Kxf1 Kd5 34. Ke2 Kc4 35. Kd2 Kb3 36. Kc1 e4 37. fxe4 fxe4 38. Bf4 h6 39. Be3 Bg5 40. Bf4 Bxf4+ 41. gxf4 h5 42. h4 g6 43. Kb1 e3 44. Kc1 e2 45. Kd2 Kxb2 46. c4 bxc4 47. Kxe2 c3 48. b5 axb5 49. f5 gxf5 50. Kf3 c2 51. Kf4 c1=Q+ 52. Kxf5 Qg1 53. Kf4 Qg4+ 54. Ke5 b4 55. Kd5 Kc3 56. Kc5 b3 57. Kb5 b2 58. Ka5 b1=Q 59. Ka6 Qbb4 60. Ka7 Qd7+ 61. Ka8 Qdb7# 0-1


[Site "https://www.chess.com"]

[Event "Titled Tuesday Blitz November 14 Early 2023"]
[White "RodokininEV"]
[Black "Hoffmann, Asa"]
[BlackFideId "2001470"]
[WhiteElo "2526"]
[BlackElo "2387"]
[Result "1-0"]
[Round "6"]
[TimeControl "180+1"]
[Date "2023.11.14"]
[WhiteClock "0:00:45"]
[BlackClock "0:00:06"]
[Board "128"]

1. d4 Nf6 2. c4 c5 3. d5 e5 4. Nc3 d6 5. e4 Be7 6. Nge2 Nbd7 7. g3 O-O 8. Bg2 Ne8 9. O-O a6 10. a4 b6 11. Be3 Rb8 12. Qd3 Nc7 13. f4 Bf6 14. b3 Qe7 15. Rae1 b5 16. axb5 axb5 17. cxb5 Nb6 18. fxe5 Bxe5 19. Bf4 Bd7 20. Rf2 Ra8 21. Ref1 Ra3 22. Rb1 Qe8 23. Bxe5 Qxe5 24. Nf4 g6 25. Bf1 Rfa8 26. Qe3 Qd4 27. Qxd4 cxd4 28. Na4 Nxa4 29. bxa4 R3xa4 30. Rc2 Ne8 31. b6 Rb8 32. b7 Ra7 33. Rcb2 Kg7 34. Bd3 Kf6 35. Ne2 Ke5 36. Rb4 f5 37. Nxd4 fxe4 38. Bxe4 Nf6 39. Bg2 Nxd5 40. Re1+ Kf6 41. Bxd5 Ra5 42. Nc6 Bxc6 43. Bxc6 Rc5 44. Bg2 d5 45. Ra1 Ke5 46. Ra8 Rc1+ 47. Bf1 Rf8 48. b8=Q+ 1-0


[Site "https://www.chess.com"]

[Event "Titled Tuesday Blitz November 14 Early 2023"]
[White "Ron_Weasley_Chess"]
[Black "Bettalli, Francesco"]
[BlackFideId "2816453"]
[WhiteElo "2400"]
[BlackElo "2525"]
[Result "0-1"]
[Round "6"]
[TimeControl "180+1"]
[Date "2023.11.14"]
[WhiteClock "0:00:00"]
[BlackClock "0:00:12"]
[Board "129"]

1. Nf3 e5 2. Nxe5 Nc6 3. Nf3 d5 4. g3 h5 5. Bg2 Be7 6. h4 Bg4 7. d4 Nf6 8. Nc3 Bb4 9. O-O Bxc3 10. bxc3 Ne4 11. Bb2 g5 12. Nxg5 Nxg5 13. hxg5 Qxg5 14. Qc1 Qe7 15. c4 dxc4 16. d5 Ne5 17. Qe3 f6 18. Rad1 Nf7 19. Bxf6 Qxe3 20. fxe3 Rh6 21. Rd4 Nd6 22. Bg7 Rg6 23. Rf8+ Kd7 24. Rxa8 Rxg7 25. e4 Bxe2 26. Bh3+ Ke7 27. e5 Nb5 28. Re4 Rxg3+ 29. Kf2 Rxh3 30. Rxe2 Nc3 31. Re1 Nxd5 32. Rh8 Rh2+ 33. Kg3 Rxc2 34. e6 Nf6 35. Rc8 Rc3+ 36. Kh4 Ne8 37. Kxh5 Rd3 38. Rb8 b6 39. Rb7 a5 40. Rb8 Rd6 41. Kg5 Ng7 42. Rc8 Nxe6+ 43. Kf5 Kd7 44. Rh8 Nd4+ 45. Kf4 Rf6+ 46. Kg5 Nf3+ 47. Kxf6 Nxe1 48. Rh2 Nd3 49. Rc2 b5 50. a4 c6 51. Kf5 Kd6 52. Ke4 Nc5+ 53. Kd4 Nxa4 54. Rh2 Nc5 55. Rh6+ Ne6+ 56. Kc3 Kd5 57. Rh5+ Ke4 58. Rh6 Kd5 59. Rh5+ Kd6 60. Rh6 a4 61. Kb4 Kd7 62. Rh7+ Kd6 63. Rh6 Ke5 64. Rh5+ Kd4 65. Rh6 Kd5 66. Rh5+ Ke4 67. Rh6 Kf5 68. Rh5+ Ng5 69. Rh6 Ne6 70. Rh5+ Kf6 71. Rh6+ Kf7 72. Rh7+ Kg6 73. Re7 Kf6 74. Rh7 Nd4 75. Rh4 Ke5 76. Rh5+ Ke4 77. Rh6 Kd3 78. Rh3+ Kc2 79. Rh2+ Kc1 80. Rh1+ Kb2 81. Kc5 Nb3+ 82. Kxc6 c3 83. Kxb5 a3 84. Rh2+ c2 85. Kb4 a2 86. Rh3 Nd2 87. Rh1 c1=Q 88. Rxc1 Kxc1 0-1


[Site "https://www.chess.com"]

[Event "Titled Tuesday Blitz November 14 Early 2023"]
[White "Lopez Martinez, Josep Manuel"]
[Black "Mestnikov, Aisen"]
[WhiteFideId "2212943"]
[BlackFideId "34130117"]
[WhiteElo "2525"]
[BlackElo "2380"]
[Result "1-0"]
[Round "6"]
[TimeControl "180+1"]
[Date "2023.11.14"]
[WhiteClock "0:00:06"]
[BlackClock "0:00:07"]
[Board "130"]

1. e4 e5 2. Nf3 Nc6 3. Bb5 a6 4. Ba4 Nge7 5. d4 exd4 6. Nxd4 g6 7. Be3 Bg7 8. Nc3 O-O 9. Bb3 b5 10. Qd2 Na5 11. Bh6 c5 12. Bxg7 Kxg7 13. O-O-O cxd4 14. Qxd4+ Kg8 15. h4 Nec6 16. Qe3 Nxb3+ 17. axb3 d6 18. h5 Be6 19. f4 Bg4 20. Rd2 Bxh5 21. f5 Re8 22. Qh6 Qf6 23. Nd5 Qg7 24. Qf4 Re5 25. g4 Rae8 26. f6 Qf8 27. gxh5 Rxe4 28. Qg3 R8e5 29. hxg6 fxg6 30. Kb1 Qf7 31. Qh3 Re1+ 32. Rxe1 Rxe1+ 33. Ka2 Re8 34. Qh4 a5 35. Rh2 Nb4+ 36. Nxb4 axb4 37. Qxb4 Qxf6 38. Qxb5 Ra8+ 39. Kb1 Qe5 40. Qxe5 dxe5 41. b4 e4 42. b5 Rb8 43. c4 h5 44. Re2 Re8 45. c5 Kf7 46. b6 h4 47. c6 h3 48. b7 g5 49. c7 g4 50. c8=Q Rxc8 51. bxc8=Q g3 52. Qg4 g2 53. Rxg2 h2 54. Qh5+ Ke7 55. Qxh2 e3 56. Re2 Kd7 57. Qg3 Kc8 58. Qxe3 Kb7 59. Qe7+ Ka8 60. Rd2 Kb8 61. Rd8# 1-0


[Site "https://www.chess.com"]

[Event "Titled Tuesday Blitz November 14 Early 2023"]
[White "LeoLV10"]
[Black "Skaric, Djuro"]
[BlackFideId "934569"]
[WhiteElo "2524"]
[BlackElo "2377"]
[Result "1-0"]
[Round "6"]
[TimeControl "180+1"]
[Date "2023.11.14"]
[WhiteClock "0:00:17"]
[BlackClock "0:00:53"]
[Board "131"]

1. e4 d6 2. d4 g6 3. f4 Bg7 4. Nc3 Nf6 5. Nf3 O-O 6. Bd3 Nc6 7. O-O Bg4 8. Be3 e5 9. fxe5 dxe5 10. d5 Nd4 11. Be2 Nxe2+ 12. Qxe2 Nh5 13. h3 Bd7 14. Qc4 h6 15. Rad1 Kh7 16. Bc5 Re8 17. Qb3 Nf4 18. Be3 g5 19. d6 Be6 20. Qxb7 cxd6 21. Qa6 h5 22. Qxd6 Qa5 23. Nxg5+ Kg6 24. Bxf4 Rad8 25. Qc6 Rxd1 26. Rxd1 Rc8 27. Qb7 Qc5+ 28. Kh1 exf4 29. Nxe6 fxe6 30. Qd7 Rc6 31. Ne2 Qxc2 32. Nxf4+ Kh6 33. Rf1 Qxe4 34. Qf7 e5 35. Qxh5# 1-0


[Site "https://www.chess.com"]

[Event "Titled Tuesday Blitz November 14 Early 2023"]
[White "MarijaKuznecova"]
[Black "Grossboss19"]
[WhiteElo "2373"]
[BlackElo "2511"]
[Result "1-0"]
[Round "6"]
[TimeControl "180+1"]
[Date "2023.11.14"]
[WhiteClock "0:00:04"]
[BlackClock "0:00:07"]
[Board "132"]

1. e4 c5 2. Nf3 d6 3. d4 cxd4 4. Nxd4 Nf6 5. Nc3 a6 6. Be3 Nc6 7. f3 e5 8. Nb3 Be7 9. Qd2 O-O 10. O-O-O Be6 11. g4 Qc7 12. h4 b5 13. h5 h6 14. g5 hxg5 15. Bxg5 Nb4 16. Kb1 Rfd8 17. f4 d5 18. h6 dxe4 19. Qe1 Rxd1+ 20. Qxd1 Rd8 21. Qe1 g6 22. a3 Bxb3 23. axb4 exf4 24. cxb3 e3 25. Qh4 Qc6 26. Be2 Nd5 27. Bxe7 Nxe7 28. Qxe7 Qxh1+ 29. Ka2 Qa8 30. Qf6 a5 31. Qg7# 1-0


[Site "https://www.chess.com"]

[Event "Titled Tuesday Blitz November 14 Early 2023"]
[White "Dmitrenko, Viktor"]
[Black "Rietze, Clemens, Dr."]
[WhiteFideId "14110270"]
[BlackFideId "24620351"]
[WhiteElo "2372"]
[BlackElo "2511"]
[Result "0-1"]
[Round "6"]
[TimeControl "180+1"]
[Date "2023.11.14"]
[WhiteClock "0:00:21"]
[BlackClock "0:02:01"]
[Board "133"]

1. e4 c5 2. Nf3 Nc6 3. Bb5 e6 4. O-O Nge7 5. Re1 Ng6 6. c3 d5 7. exd5 Qxd5 8. d4 cxd4 9. Nxd4 Bd7 10. Bxc6 bxc6 11. Nf3 Bd6 12. Nbd2 O-O 13. Ne4 Be7 14. Qc2 Qh5 15. Ng3 Qa5 16. b4 Qc7 17. Nf5 exf5 0-1


[Site "https://www.chess.com"]

[Event "Titled Tuesday Blitz November 14 Early 2023"]
[White "EvgenyBurmakin"]
[Black "Shohat, Yotam"]
[BlackFideId "2813955"]
[WhiteElo "2356"]
[BlackElo "2509"]
[Result "1/2-1/2"]
[Round "6"]
[TimeControl "180+1"]
[Date "2023.11.14"]
[WhiteClock "0:00:27"]
[BlackClock "0:01:22"]
[Board "135"]

1. e4 c5 2. Nc3 Nc6 3. Bb5 Nd4 4. Bc4 g6 5. Nf3 Bg7 6. Nxd4 cxd4 7. Qf3 Nf6 8. e5 dxc3 9. exf6 cxd2+ 10. Bxd2 Bxf6 11. O-O O-O 12. Bh6 Bg7 13. Bxg7 Kxg7 14. Rfe1 e6 15. Rad1 d5 16. Bb3 Qf6 17. Qxf6+ Kxf6 18. c4 dxc4 19. Bxc4 b6 20. f4 Bb7 21. Rd7 Bc6 22. Rd6 Rac8 23. Bxe6 fxe6 24. Rexe6+ Kg7 25. Rxc6 Rxc6 26. Rxc6 Rxf4 27. Rc7+ Rf7 28. Rxf7+ Kxf7 29. Kf2 Ke6 30. Ke3 Ke5 31. h3 g5 32. g3 b5 33. a3 a5 34. b3 h5 35. Kd3 Kd5 36. Ke3 a4 37. bxa4 bxa4 38. Kd3 h4 39. g4 Ke5 40. Ke3 Kd5 41. Kd3 Ke5 42. Ke3 Kd5 43. Kd3 1/2-1/2


[Site "https://www.chess.com"]

[Event "Titled Tuesday Blitz November 14 Early 2023"]
[White "Degtiarev, Evgeny"]
[Black "Kubicka, Anna"]
[WhiteFideId "4149610"]
[BlackFideId "1152254"]
[WhiteElo "2355"]
[BlackElo "2506"]
[Result "1-0"]
[Round "6"]
[TimeControl "180+1"]
[Date "2023.11.14"]
[WhiteClock "0:00:24"]
[BlackClock "0:00:03"]
[Board "136"]

1. d4 Nf6 2. c4 c5 3. d5 e6 4. Nc3 exd5 5. cxd5 d6 6. Nf3 g6 7. g3 Bg7 8. Bg2 O-O 9. O-O a6 10. a4 Re8 11. Nd2 Nbd7 12. h3 Rb8 13. Nc4 Ne5 14. Na3 Qc7 15. f4 Ned7 16. e4 c4 17. Be3 Nc5 18. e5 Nh5 19. Nxc4 Nxg3 20. exd6 Qd8 21. Bxc5 Nxf1 22. Qxf1 Bf5 23. Ne3 Bd7 24. a5 Rc8 25. Bb6 Qf6 26. Rd1 Qxd6 27. Ne4 Qb4 28. Ng5 Qxb2 29. d6 Rc3 30. Nd5 Rc2 31. Ne7+ Rxe7 32. dxe7 Bf6 33. Rxd7 Bxe7 34. Rxe7 Rc1 35. Re1 1-0


[Site "https://www.chess.com"]

[Event "Titled Tuesday Blitz November 14 Early 2023"]
[White "Garrido, Denis"]
[Black "Sreyas Payyappat"]
[WhiteFideId "601217"]
[BlackFideId "46674969"]
[WhiteElo "2351"]
[BlackElo "2505"]
[Result "1-0"]
[Round "6"]
[TimeControl "180+1"]
[Date "2023.11.14"]
[WhiteClock "0:00:50"]
[BlackClock "0:00:02"]
[Board "137"]

1. e4 c6 2. d4 d5 3. e5 Bf5 4. Nf3 e6 5. Be2 Ne7 6. O-O Ng6 7. Be3 Nd7 8. Re1 f6 9. exf6 Nxf6 10. c4 Bd6 11. Nc3 O-O 12. cxd5 exd5 13. Bd3 Bxd3 14. Qxd3 Qc7 15. h3 Rae8 16. Rac1 Qb8 17. Bg5 Nf4 18. Bxf4 Bxf4 19. Rcd1 Bd6 20. Ng5 Qc8 21. Re2 Bb8 22. Rde1 Qc7 23. g3 Rxe2 24. Rxe2 Qd7 25. Kg2 h6 26. Nf3 Qf7 27. Ne5 Qh5 28. f4 b6 29. Nxc6 Bd6 30. Ne5 Re8 31. Qb5 Bxe5 32. dxe5 Ne4 33. Qxd5+ Kh8 1-0


[Site "https://www.chess.com"]

[Event "Titled Tuesday Blitz November 14 Early 2023"]
[White "MIss_MIaMI"]
[Black "Erzhanov, Arman"]
[BlackFideId "4138821"]
[WhiteElo "2349"]
[BlackElo "2503"]
[Result "0-1"]
[Round "6"]
[TimeControl "180+1"]
[Date "2023.11.14"]
[WhiteClock "0:00:00"]
[BlackClock "0:00:58"]
[Board "138"]

1. e4 d6 2. Nf3 Nf6 3. Nc3 c6 4. d4 Bg4 5. h3 Bxf3 6. Qxf3 e6 7. Bd3 d5 8. e5 Nfd7 9. Ne2 c5 10. c3 Nc6 11. O-O Rc8 12. Qg3 cxd4 13. cxd4 Nb4 14. Bb1 Qb6 15. Rd1 g6 16. Nc3 h5 17. a3 Nc6 18. Qd3 Na5 19. b4 Nc4 20. Ra2 Be7 21. f4 h4 22. Kh2 Rh5 23. Bc2 a6 24. Na4 Qc6 25. Nc5 Nxc5 26. bxc5 b6 27. Bb3 bxc5 28. Qc2 cxd4 29. Ba4 Kf8 30. Bxc6 Rxc6 31. Rxd4 Nxe5 32. Qd1 Nc4 33. a4 Bd6 34. Kh1 Rf5 35. Qf3 g5 36. Qh5 gxf4 37. Qh8+ Ke7 38. Qxh4+ Kd7 39. Rf2 Ne5 40. Bxf4 Ng6 41. Qh6 Nxf4 42. Rdxf4 Rc1+ 43. Kh2 Rc4 44. g3 Bxf4 45. gxf4 Rxa4 46. Kg3 Ra3+ 47. Rf3 Ra1 48. Qf8 a5 49. Qa8 a4 50. Qa7+ Ke8 51. Qb8+ Ke7 52. Qc7+ Kf8 53. Qd6+ Kg7 54. Qb4 Kh7 55. Qb2 Rg1+ 56. Kh2 Rg8 57. Rf2 Ra8 58. Qa3 d4 59. Rf3 Rd5 60. Qd3+ Kg7 61. Rg3+ Kf8 62. Qa3+ Ke8 63. Rg8+ Kd7 64. Rxa8 d3 0-1


[Site "https://www.chess.com"]

[Event "Titled Tuesday Blitz November 14 Early 2023"]
[White "elmusmolamas"]
[Black "KorolDimitriy75"]
[WhiteElo "2503"]
[BlackElo "2347"]
[Result "1-0"]
[Round "6"]
[TimeControl "180+1"]
[Date "2023.11.14"]
[WhiteClock "0:01:40"]
[BlackClock "0:00:00"]
[Board "139"]

1. e4 c5 2. Nf3 d6 3. Bb5+ Nd7 4. O-O Nf6 5. Re1 a6 6. Bf1 e5 7. c3 Be7 8. d4 O-O 9. a4 b6 10. Na3 Qc7 11. Bg5 Bb7 12. Bh4 Rfe8 13. dxe5 dxe5 14. Qc2 Nh5 15. Bg3 Nxg3 16. hxg3 Bc6 17. Bc4 h6 18. Qb3 Rf8 19. Nc2 Nf6 20. Ne3 Bxe4 21. Nh4 g6 22. f3 1-0


[Site "https://www.chess.com"]

[Event "Titled Tuesday Blitz November 14 Early 2023"]
[White "Lebedev, Artem S."]
[Black "Yaniuk, Volodymyr"]
[WhiteFideId "34272747"]
[BlackFideId "14133083"]
[WhiteElo "2338"]
[BlackElo "2502"]
[Result "1/2-1/2"]
[Round "6"]
[TimeControl "180+1"]
[Date "2023.11.14"]
[WhiteClock "0:00:10"]
[BlackClock "0:00:10"]
[Board "140"]

1. e4 e5 2. Nf3 Nc6 3. Bb5 a6 4. Ba4 Nf6 5. O-O Be7 6. d3 b5 7. Bb3 d6 8. c3 O-O 9. Re1 Nb8 10. Nbd2 Nbd7 11. Nf1 Bb7 12. Ng3 g6 13. Bh6 Re8 14. h3 Bf8 15. Qd2 c5 16. Rad1 d5 17. Bxf8 Nxf8 18. exd5 Bxd5 19. Nxe5 Bxb3 20. axb3 Qd5 21. c4 Qd6 22. Nf3 Ne6 23. Qh6 Rad8 24. Ne4 Nxe4 25. Rxe4 Qf8 26. Qxf8+ Kxf8 27. Kf1 Rd6 28. g3 bxc4 29. bxc4 Rb8 30. Rd2 Rdb6 31. Ree2 Rd8 32. Ke1 Rb3 33. Re3 Rdb8 34. Ree2 Rd8 35. Re3 a5 36. Kd1 a4 37. Kc1 h6 38. h4 a3 39. bxa3 Rxa3 40. Kd1 Kg7 41. Ke2 Ra1 42. Rb2 Rd7 43. Rd2 Kf6 44. Rb2 g5 45. hxg5+ hxg5 46. Ne5 Rda7 47. Kf3 R1a2 48. Rxa2 Rxa2 49. Kg2 Rd2 50. Nd7+ Ke7 51. Nxc5 g4 52. Nxe6 fxe6 53. Kg1 Kf6 54. Kf1 Kf5 55. Ke1 Rc2 56. Re2 Rc1+ 57. Kd2 Ra1 58. Ke3 Rc1 59. Rb2 e5 60. c5 Re1+ 61. Kd2 Rf1 62. Ke2 Rc1 63. Rb5 Rc2+ 64. Ke3 Ke6 65. Ra5 Kf5 66. d4 exd4+ 67. Kxd4 Rxf2 68. c6+ Ke6 69. Kc5 Ke5 70. Kb6+ Kd6 71. c7 Rb2+ 72. Rb5 Rxb5+ 73. Kxb5 Kxc7 74. Kc5 Kd7 75. Kd5 Ke7 76. Ke5 Kf7 77. Kf5 Kg7 78. Kxg4 Kg6 79. Kf4 Kf6 80. g4 Kg6 81. g5 Kg7 82. Kg4 Kg6 83. Kf4 Kg7 84. Kg4 Kg6 85. Kf4 1/2-1/2


[Site "https://www.chess.com"]

[Event "Titled Tuesday Blitz November 14 Early 2023"]
[White "Zaksaite, Salomeja"]
[Black "Hajiyev, Kanan"]
[WhiteFideId "12801496"]
[BlackFideId "13404148"]
[WhiteElo "2338"]
[BlackElo "2488"]
[Result "1-0"]
[Round "6"]
[TimeControl "180+1"]
[Date "2023.11.14"]
[WhiteClock "0:00:33"]
[BlackClock "0:00:00"]
[Board "141"]

1. d4 c6 2. e4 d5 3. exd5 cxd5 4. Bd3 Nc6 5. c3 Qc7 6. h3 Nf6 7. Nf3 g6 8. O-O Bg7 9. Re1 O-O 10. Nbd2 Bf5 11. Bf1 Ne4 12. g4 Nxd2 13. Bxd2 Bd7 14. Bg2 Rad8 15. Qe2 Rfe8 16. Bg5 h6 17. Bh4 Rc8 18. Bg3 Qb6 19. Rab1 a6 20. Ne5 Nxe5 21. Bxe5 Bxe5 22. Qxe5 e6 23. Bf1 Qc7 24. Qe3 Kg7 25. Kg2 Bb5 26. Bxb5 axb5 27. h4 f6 28. h5 e5 29. hxg6 e4 30. Rh1 Rh8 31. Rh5 Qd7 32. Qf4 Rc6 33. Rbh1 Qd6 34. Qe3 Qe6 35. R1h4 Kxg6 36. Rxh6+ Rxh6 37. Qxh6+ Kf7 38. Qh7+ Ke8 39. Qxb7 Rc8 40. Rh8+ 1-0


[Site "https://www.chess.com"]

[Event "Titled Tuesday Blitz November 14 Early 2023"]
[White "Morgunov, Marc"]
[Black "Mazzilli, Piero"]
[WhiteFideId "1640305"]
[BlackFideId "807087"]
[WhiteElo "2487"]
[BlackElo "2332"]
[Result "1-0"]
[Round "6"]
[TimeControl "180+1"]
[Date "2023.11.14"]
[WhiteClock "0:00:42"]
[BlackClock "0:00:03"]
[Board "142"]

1. e4 c5 2. Nf3 d6 3. d4 cxd4 4. Nxd4 Nf6 5. Nc3 a6 6. Be2 e5 7. Nb3 Be7 8. O-O Be6 9. Qd3 Nbd7 10. Bd2 Nc5 11. Nxc5 dxc5 12. Bg5 Qxd3 13. Bxd3 Rd8 14. Rad1 O-O 15. Be2 b5 16. a4 b4 17. Bxf6 Bxf6 18. Nd5 Bxd5 19. exd5 Rd6 20. c3 e4 21. cxb4 cxb4 22. b3 Bc3 23. Bc4 f5 24. Rc1 Kf7 25. f3 e3 26. f4 Re8 27. Rc2 Kf6 28. Re2 Re4 29. g3 Bd2 30. Kg2 Re7 31. Kf3 a5 32. Rg1 Rc7 33. g4 fxg4+ 34. Rxg4 g6 35. h4 Rb6 36. Rg5 Rxc4 37. bxc4 b3 38. Rg1 b2 39. Rb1 Bc1 40. Rxe3 Bxe3 41. Kxe3 Kf5 42. Kd3 Rb3+ 43. Kc2 Rb4 44. Kc3 Kxf4 45. Rxb2 Rxa4 46. c5 Ra3+ 47. Kc4 Ra1 48. d6 Rc1+ 49. Kd5 a4 50. Rb4+ Kf5 51. d7 Rd1+ 52. Rd4 1-0


[Site "https://www.chess.com"]

[Event "Titled Tuesday Blitz November 14 Early 2023"]
[White "Shishkov, Andrei"]
[Black "Bobomurodova, Maftuna"]
[WhiteFideId "4500563"]
[BlackFideId "14207400"]
[WhiteElo "2483"]
[BlackElo "2327"]
[Result "0-1"]
[Round "6"]
[TimeControl "180+1"]
[Date "2023.11.14"]
[WhiteClock "0:00:00"]
[BlackClock "0:00:26"]
[Board "143"]

1. d4 Nf6 2. c4 e6 3. Nc3 Bb4 4. Qc2 O-O 5. e4 Bxc3+ 6. bxc3 d6 7. Bd3 e5 8. Ne2 b6 9. O-O Nc6 10. f4 Re8 11. fxe5 dxe5 12. d5 Ne7 13. Ng3 Nd7 14. Be3 c6 15. Rf3 Qc7 16. Raf1 f6 17. Nh5 Qd6 18. Rg3 Ng6 19. c5 bxc5 20. Bc4 Nb6 21. Qe2 Nxc4 22. Qxc4 cxd5 23. exd5 Ba6 24. Qe4 Bxf1 25. Rxg6 hxg6 26. Qxg6 Re7 27. Kxf1 Rb8 28. c4 Rf7 29. g4 Qa6 30. Kg2 Qxc4 31. g5 Rb2+ 32. Kg3 Qe2 33. Nxf6+ Rxf6 34. Qe8+ Rf8 35. Qe6+ Kh7 36. Qh3+ Kg6 37. Qe6+ Rf6 38. Qe8+ Kf5 39. Qd7+ Ke4 40. Bxc5 Rf3+ 41. Kh4 Qxh2+ 0-1


[Site "https://www.chess.com"]

[Event "Titled Tuesday Blitz November 14 Early 2023"]
[White "Pinero Rodriguez, Carlos Jose"]
[Black "Osmonbekov, Talaibek"]
[WhiteFideId "3901726"]
[BlackFideId "2017253"]
[WhiteElo "2480"]
[BlackElo "2318"]
[Result "0-1"]
[Round "6"]
[TimeControl "180+1"]
[Date "2023.11.14"]
[WhiteClock "0:01:57"]
[BlackClock "0:01:37"]
[Board "144"]

1. e4 c5 2. Nf3 d6 3. d4 cxd4 4. Nxd4 Nf6 5. Nc3 g6 6. Be3 Bg7 7. f3 O-O 8. Bc4 Nc6 9. Bb3 Nxd4 10. Bxd4 Be6 11. O-O Bxb3 12. axb3 a6 13. Qd2 Rc8 14. Rfd1 Qc7 15. Qf2 h5 16. Rac1 Qc6 17. Ne2 b5 18. b4 Qc4 19. c3 Qb3 20. Ra1 Rc6 21. Nc1 Qxd1+ 0-1


[Site "https://www.chess.com"]

[Event "Titled Tuesday Blitz November 14 Early 2023"]
[White "Yurasova, Daria"]
[Black "SicilianPanzer"]
[WhiteFideId "34146919"]
[WhiteElo "2478"]
[BlackElo "2315"]
[Result "1-0"]
[Round "6"]
[TimeControl "180+1"]
[Date "2023.11.14"]
[WhiteClock "0:01:56"]
[BlackClock "0:00:13"]
[Board "145"]

1. d4 Nf6 2. Bg5 d5 3. Bxf6 exf6 4. e3 Be6 5. g3 Bd6 6. Bg2 c6 7. Ne2 Nd7 8. Nd2 Rc8 9. Rc1 h5 10. h4 Qa5 11. a3 Bg4 12. c4 dxc4 13. Rxc4 Qb5 14. Rc3 a5 15. Nc4 Be7 16. Qb3 Qf5 17. Qxb7 O-O 18. e4 Qe6 19. Nf4 Rb8 20. Nxe6 Rxb7 21. Nxf8 1-0


[Site "https://www.chess.com"]

[Event "Titled Tuesday Blitz November 14 Early 2023"]
[White "Grochal, Joey"]
[Black "Spichkin, Alexander"]
[WhiteFideId "1019945"]
[BlackFideId "4144074"]
[WhiteElo "2475"]
[BlackElo "2310"]
[Result "1-0"]
[Round "6"]
[TimeControl "180+1"]
[Date "2023.11.14"]
[WhiteClock "0:00:05"]
[BlackClock "0:00:11"]
[Board "146"]

1. e4 e5 2. Nf3 d5 3. exd5 e4 4. Qe2 Nf6 5. Nc3 Be7 6. Nxe4 Nxd5 7. d4 O-O 8. c4 Nb4 9. a3 f5 10. Nc3 N4c6 11. Bf4 Re8 12. O-O-O Bxa3 13. Qd2 Bb4 14. d5 Na5 15. Kb1 Na6 16. Be5 Nc5 17. h4 Bd7 18. Qg5 Re7 19. Bf6 Ne4 20. Nxe4 fxe4 21. Nd4 Qf8 22. Bxe7 Bxe7 23. Qe3 Bc5 24. Be2 Ba4 25. Qxe4 Bxd1 26. Rxd1 Re8 27. Ne6 Qxf2 28. Bd3 g6 29. Rf1 Qe3 30. Qxe3 Bxe3 31. Nxc7 Rc8 32. d6 Bb6 33. d7 Rd8 34. Ne6 Nb3 35. Nxd8 Nd2+ 36. Kc2 Nxf1 37. Nxb7 Ne3+ 38. Kb1 Nxg2 39. d8=Q+ Bxd8 40. Nxd8 Nxh4 41. c5 Kf8 42. c6 Ke7 43. Nb7 Nf5 44. Bb5 Nd6 45. c7 Nc8 46. Kc2 h5 47. Kd3 g5 48. Ke4 Ke6 49. Be8 h4 50. Kf3 Kd5 51. Bd7 Nb6 52. c8=Q Nxc8 53. Bxc8 Kc6 54. Na5+ Kb5 55. Nb3 Kb4 56. Nc1 Kc4 57. Be6+ Kd4 58. Kg4 Ke5 59. Bc8 Kf6 60. Bb7 Ke5 61. Kxg5 h3 62. Kg4 h2 63. Kg3 Kd4 64. Kxh2 Ke3 65. Kg2 Kd2 66. Na2 Kc2 67. b4 Kb3 68. b5 Kxa2 69. Kf3 Kb3 70. Ke4 Kb4 71. Ba6 Kc5 72. Ke5 Kb6 73. Kd6 Ka5 74. Kc7 Kb4 75. Kb7 Kc5 76. Kxa7 Kd6 77. b6 Kd7 78. b7 Kc7 79. b8=Q+ Kc6 80. Qb5+ Kc7 81. Qc5+ Kd7 82. Qb6 Ke7 83. Bc4 Ke8 84. Qc7 Kf8 85. Qf7# 1-0


[Site "https://www.chess.com"]

[Event "Titled Tuesday Blitz November 14 Early 2023"]
[White "Manukyan, Sargis V."]
[Black "Buscar, Michael"]
[WhiteFideId "13303465"]
[BlackFideId "2603616"]
[WhiteElo "2471"]
[BlackElo "2297"]
[Result "1-0"]
[Round "6"]
[TimeControl "180+1"]
[Date "2023.11.14"]
[WhiteClock "0:00:49"]
[BlackClock "0:00:05"]
[Board "147"]

1. Nf3 d5 2. c4 e6 3. d4 Nf6 4. cxd5 exd5 5. Nc3 c6 6. Bg5 Be7 7. e3 Na6 8. Bxa6 bxa6 9. O-O O-O 10. Na4 Bg4 11. h3 Bh5 12. Rc1 Qd6 13. g4 Nxg4 14. hxg4 Bxg4 15. Bf4 Qb4 16. Kg2 g5 17. Bh2 f5 18. Rxc6 f4 19. Qb3 fxe3 20. fxe3 Bxf3+ 21. Rxf3 Qd2+ 22. Kg3 Rxf3+ 23. Kxf3 Rf8+ 24. Bf4 gxf4 25. Qxd5+ Kh8 26. Qe5+ Bf6 27. Rxf6 Qd1+ 28. Ke4 Qh1+ 29. Kd3 Qf1+ 30. Kc3 Qe1+ 31. Kb3 Qd1+ 32. Ka3 Qd3+ 33. Nc3 1-0


[Site "https://www.chess.com"]

[Event "Titled Tuesday Blitz November 14 Early 2023"]
[White "Berezin, Viktor"]
[Black "Rasmussen, Casper"]
[WhiteFideId "14107872"]
[BlackFideId "1402005"]
[WhiteElo "2469"]
[BlackElo "2285"]
[Result "0-1"]
[Round "6"]
[TimeControl "180+1"]
[Date "2023.11.14"]
[WhiteClock "0:00:07"]
[BlackClock "0:00:33"]
[Board "148"]

1. Nf3 Nf6 2. g3 d6 3. c4 c5 4. Bg2 Nc6 5. O-O Bg4 6. Nc3 Qd7 7. Re1 Bh3 8. Bh1 h5 9. d4 cxd4 10. Nxd4 h4 11. Nxc6 bxc6 12. e4 Bg4 13. Qd3 hxg3 14. fxg3 g6 15. e5 dxe5 16. Qxd7+ Bxd7 17. Rxe5 Rxh2 18. Rxe7+ Bxe7 19. Kxh2 O-O-O 20. Bf4 g5 21. Bd2 Ng4+ 22. Kg2 Rh8 23. Ne4 f5 24. Bxg5 Rh2+ 25. Kg1 Bxg5 26. Nxg5 Rxb2 27. Nf7 Kc7 28. c5 a5 29. Nd6 a4 30. Nc4 Rc2 31. Nb6 Rxc5 32. Nxa4 Rc2 33. a3 Be6 34. Rb1 Nf2 35. Nb6 Nh3+ 36. Kf1 Rf2+ 37. Ke1 Rh2 38. Bf3 Ng5 39. Be2 Ne4 40. Rb2 Nxg3 41. Na8+ Kc8 42. a4 Rxe2+ 43. Rxe2 Nxe2 44. Kxe2 Kb7 0-1


[Site "https://www.chess.com"]